Map: Oceanborn LE

Players

Deroke

  • Race: Protoss Protoss
  • League: Master
  • Spawn Location: 5:00

BroodWar - Winner!

  • Race: Protoss Protoss
  • League: Master
  • Spawn Location: 11:00

VOD

Have the link to the VOD?

Description

Time

  • Played on: June 27, 2024, 6:08 a.m.
  • Length: 7:49
Show
View Real Time Build Order
Export as new Build Order

Deroke Protoss 

Build Orders: Oracle Opening 

Get SALT Encoding   

  12  0:00  Probe  
  13  0:12  Probe  
  14  0:17  Pylon  
  14  0:24  Probe  
  15  0:36  Probe (Chrono Boost)  
  15  0:37  Gateway  
  16  0:48  Probe (Chrono Boost), Assimilator  
  17  0:54  Probe (Chrono Boost)  
  17  0:56  Assimilator  
  18  1:03  Probe  
  19  1:07  Gateway  
  19  1:15  Probe  
  20  1:26  Cybernetics Core  
  20  1:28  Probe  
  21  1:40  Probe  
  21  1:42  Pylon  
  22  1:52  Probe  
  23  2:02  Adept  
  23  2:03  Adept  
  23  2:06  Stargate  
  27  2:11  Warp Gate  
  27  2:22  Pylon  
  27  2:38  Forge  
  27  2:47  Oracle (Chrono Boost)  
  26  3:17  Oracle  
  29  3:23  Probe  
  30  3:35  Probe  
  31  3:48  Nexus  
  31  3:52  Oracle (Chrono Boost)  
  34  4:00  Probe  
  35  4:12  Probe  
  36  4:20  Nexus  
  36  4:24  Probe  
  37  4:50  Stalker  
  39  4:54  Pylon  
  39  4:59  Oracle (Chrono Boost)  
  42  5:04  Pylon  
  42  5:13  Probe x2 (Chrono Boost)  
  44  5:15  Protoss Ground Weapons Level 1  
  44  5:25  Probe x2 (Chrono Boost)  
  46  5:32  Probe x2 (Chrono Boost)  
  46  5:34  Oracle (Chrono Boost), Probe  
  52  5:43  Probe x2  
  52  5:46  Probe  
  55  5:55  Probe x2  
  57  5:58  Probe  
  58  6:07  Probe x2  
  58  6:10  Probe  
  61  6:14  Oracle (Chrono Boost)  
  64  6:25  Probe x3  
  66  6:30  Assimilator, Pylon  
  66  6:31  Assimilator  
  67  6:37  Probe x2, Pylon  
  67  6:39  Twilight Council  
  69  6:46  Stalker x2  
  54  7:08  Shield Battery  
  54  7:10  Photon Cannon  
  54  7:13  Photon Cannon x2  
  54  7:15  Photon Cannon  
  53  7:17  Pylon x2  
  53  7:18  Stalker x2  
  56  7:27  Photon Cannon  
Show
View Real Time Build Order
Export as new Build Order

BroodWar Protoss - Winner!

Build Orders:  

Get SALT Encoding   

  12  0:00  Probe  
  13  0:12  Probe  
  14  0:18  Pylon  
  14  0:24  Probe  
  15  0:36  Probe (Chrono Boost)  
  15  0:38  Gateway  
  16  0:47  Assimilator  
  16  0:48  Probe (Chrono Boost)  
  17  0:52  Probe (Chrono Boost)  
  18  1:03  Probe  
  19  1:15  Probe  
  20  1:19  Gateway  
  20  1:21  Gateway  
  20  1:27  Cybernetics Core  
  20  1:29  Probe  
  21  1:38  Pylon  
  21  1:41  Probe  
  21  1:45  Assimilator  
  22  1:53  Probe  
  23  2:06  Probe  
  24  2:09  Adept x2 (Chrono Boost)  
  24  2:14  Pylon  
  27  2:41  Nexus  
  27  2:43  Sentry x2  
  31  2:48  Sentry  
  33  2:55  Shield Battery  
  33  2:57  Probe  
  34  3:09  Probe  
  31  3:15  Pylon  
  31  3:18  Stalker  
  33  3:21  Probe  
  33  3:27  Stalker  
  36  3:35  Pylon  
  36  3:36  Sentry  
  36  3:39  Probe  
  39  3:53  Probe  
  39  3:54  Probe  
  41  4:00  Twilight Council  
  41  4:05  Probe  
  41  4:09  Probe, Adept x2 (Chrono Boost)  
  49  4:17  Probe  
  49  4:20  Sentry (Chrono Boost)  
  49  4:22  Shield Battery  
  50  4:25  Probe  
  50  4:29  Probe  
  52  4:33  Blink (Chrono Boost)  
  52  4:37  Probe  
  50  4:42  Probe  
  51  4:49  Probe  
  52  4:54  Probe, Stalker  
  52  4:55  Pylon  
  52  4:59  Stalker  
  57  5:01  Probe  
  57  5:06  Probe  
  59  5:09  Shield Battery  
  59  5:12  Shield Battery  
  59  5:14  Probe, Pylon  
  56  5:16  Stalker  
  58  5:26  Robotics Facility  
  58  5:29  Probe x2  
  58  5:33  Assimilator  
  60  5:38  Stalker  
  60  5:41  Probe  
  63  5:43  Zealot  
  63  5:45  Probe  
  63  5:46  Zealot  
  68  5:52  Gateway  
  68  5:53  Assimilator  
  68  5:54  Probe  
  69  5:57  Probe  
  70  6:06  Probe  
  70  6:09  Probe  
  70  6:10  Stalker x2  
  66  6:13  Stalker  
  68  6:19  Probe  
  69  6:25  Immortal (Chrono Boost)  
  73  6:35  Pylon  
  73  6:42  Pylon  
  73  6:43  Stalker  
  73  6:45  Stalker  
  77  6:53  Stalker  
  79  6:55  Stalker  
  79  7:09  Probe x2  
  79  7:13  Stalker  
  83  7:20  Nexus  
  82  7:23  Sentry x2  
  82  7:24  Sentry  
  82  7:29  Probe  
  89  7:31  Probe  
Tags
 
Matchup
PvP
Spawn Locations
Cross Positions
Add a new tag
Caveats
  • Supply blocks, unpowered buildings, or Contaminate may cause inaccurate times.
  • Supply counts are checked every 10 seconds.